 Dungeon Crawl Stone Soup version 0.27.0-1-g7a089689b8 (webtiles) character file.

Game seed: 10942161618805716353

145 lmSkywalker the Magician (level 5, -2/35 HPs)
             Began as a Djinni Fire Elementalist on Aug 2, 2021.
             Slain by a river rat (8 damage)
             ... in a sewer.
             The game lasted 00:14:20 (4097 turns).

lmSkywalker the Magician (Djinni Fire Elementalist) Turns: 4097, Time: 00:14:20

Health: -2/35      AC:  2    Str:  7    XL:     5   Next: 53%
Gold:   868        EV: 12    Int: 18    God:
                   SH:  0    Dex: 13

rFire    + + +     SeeInvis .   g - staff of fire
rCold    x . .     Faith    .   (no shield)
rNeg     . . .     Spirit   .   a - +0 robe
rPois    ∞         Reflect  .   (no helmet)
rElec    .         Harm     .   (no cloak)
rCorr    .         Rampage  .   (no gloves)
Will     .....                  (boots unavailable)
Stlth    ++........             (no amulet)
HPRegen  0.11/turn              (no ring)
MPRegen  0.00/turn              (no ring)

@: flying
A: sickness immunity, fire resistance 2, cold vulnerability 1, float, innate
caster, hp casting, extra vitality 1
a: no special abilities


You were in a sewer.
You visited 1 branch of the dungeon, and saw 4 of its levels.
You also visited: Sewer.

You collected 868 gold pieces.

Inventory:

Armour
 a - a +0 robe (worn)
 o - a +1 helmet
Magical Staves
 g - a staff of fire (weapon)
Scrolls
 b - a scroll of immolation {unknown}
 c - a scroll of enchant armour {unknown}
 e - a scroll of teleportation {unknown}
 f - a scroll of amnesia {unknown}
 i - a scroll of blinking
 p - a scroll of vulnerability {unknown}
Potions
 d - 2 potions of ambrosia {unknown}
 h - a potion of heal wounds {unknown}
 j - a potion of brilliance {unknown}
 k - a potion of mutation {unknown}
 l - a potion of cancellation {unknown}
 m - a potion of flight {unknown}
 n - a potion of invisibility {unknown}
 q - a potion of attraction {unknown}


   Skills:
 - Level 2.1 Dodging
 - Level 1.5 Stealth
 + Level 4.5 Spellcasting


You couldn't memorise any spells.
You knew the following spells:

 Your Spells              Type           Power      Damage    Failure   Level
a - Foxfire               Conj/Fire      100%       2x1d9     2%          1
b - Conjure Flame         Conj/Fire      30%        6-21      7%          3
c - Inner Flame           Hex/Fire       30%        N/A       7%          3
d - Sticky Flame          Conj/Fire      30%        2d5       22%         4
e - Fireball              Conj/Fire      15%        3d8       52%         5
f - Apportation           Tloc           40%        N/A       2%          1
g - Static Discharge      Conj/Air       20%        N/A       3%          2
Your spell library was empty.

Dungeon Overview and Level Annotations

Branches:
Dungeon (4/15)              Sewer (1/1)
 Temple: D:4-7

Altars:


Innate Abilities, Weirdness & Mutations

You are immune to sickness and miasma.
You are immune to poison.
Your flesh is very heat resistant. (rF++)
You are vulnerable to cold. (rC-)
You float through the air rather than walking.
You learn spells naturally, not from books.
Your magical power is your life essence.
You have superior vitality. (+4 HP)


Message History

There is a glowing drain here.
The world spins around you as you enter the gateway.
You enter a sewer!
A rat and 4 river rats come into view.
Found a gate leading back out of this place.
There is an empty arch of ancient stone here.
Casting: Foxfire (safe; 2% risk of failure)
Confirm with . or Enter, or press ? or * to list all spells.
You feel a surge of power!
You conjure some foxfire!
Casting: Foxfire (safe; 2% risk of failure)
Confirm with . or Enter, or press ? or * to list all spells.
You feel a surge of power!
There is not enough space to conjure foxfire!
The foxfire hits the river rat.
The river rat is lightly wounded.
You closely miss the river rat.
The river rat is lightly wounded.
The river rat bites you.
The foxfire hits the river rat.
The river rat is moderately wounded.
Casting: Foxfire (safe; 2% risk of failure)
Confirm with . or Enter, or press ? or * to list all spells.
You feel a surge of power!
The fire begins to smoulder!
The river rat bites you.
You hit the river rat but do no damage.
The river rat is moderately wounded.
The river rat barely misses you. The river rat bites you.
You smother the flame.
You hit the river rat but do no damage.
The river rat is moderately wounded.
The river rat bites you! The river rat completely misses you.
You hit the river rat but do no damage.
The river rat is moderately wounded.
The river rat twitches its whiskers.
The river rat bites you!
* * * LOW HITPOINT WARNING * * *
The river rat barely misses you.
You hit the river rat but do no damage.
The river rat is lightly wounded.
The river rat bites you!
You die...

###
#.#
#.#
#.#
#.#
#r#
#r#
#@#
#r#
#r#
#r#
#.#
#.#
#.#
#≈#


You could see 4 river rats and a rat.

Vanquished Creatures
  A scorpion zombie (D:4)
  Robin (D:3)
  4 adders
  2 dart slugs (D:1)
  An orc (D:3)
  4 bats
  7 endoplasms
  5 giant cockroaches
  11 goblins
  7 hobgoblins
  4 jackals
  3 quokkas
  6 ball pythons
  2 frilled lizards
  3 kobolds
  A rat (D:2)
62 creatures vanquished.

Vanquished Creatures (others)
  242 foxfires
242 creatures vanquished.

Grand Total: 304 creatures vanquished

Notes
Turn   | Place    | Note
-------+----------+-------------------------------------------
     0 | D:1      | lmSkywalker the Djinni Fire Elementalist began the quest
                  | for the Orb.
     0 | D:1      | Reached XP level 1. HP: 15/15 MP: 0/0
   201 | D:1      | Reached XP level 2. HP: 7/21 MP: 0/0
   655 | D:1      | Reached skill level 3 in Spellcasting
  1096 | D:1      | Found a faded altar of an unknown god.
  1278 | D:2      | Reached XP level 3. HP: 23/25 MP: 0/0
  1278 | D:2      | Learned a level 1 spell: Apportation
  2559 | D:2      | Identified a scroll of acquirement
  2560 | D:2      | Acquired 728 gold pieces
  2700 | D:3      | Noticed Robin
  2704 | D:3      | Reached XP level 4. HP: 27/31 MP: 0/0
  3168 | D:3      | Killed Robin
  3169 | D:3      | Reached skill level 4 in Spellcasting
  3542 | D:3      | Reached XP level 5. HP: 33/35 MP: 0/0
  3542 | D:3      | Learned a level 2 spell: Static Discharge
  4014 | D:4      | Found a glowing drain.
  4089 | Sewer    | Entered a sewer
  4097 | Sewer    | Slain by a river rat

Illustrated notes

Levels and vault maps discovered:
D:1:      minmay_arrival_solitary_statue, layout_rooms,
          hellmonk_ecumenical_altar_zigzags
D:2:      layout_rooms, serial_co_window_serial, co_window_of_opportunity_a,
          co_window_of_opportunity_a, co_window_corner_a, co_window_corner_a,
          co_window_of_opportunity_a, co_window_of_opportunity_b,
          co_window_corner_cb, co_window_unsneaky_path_a,
          co_window_unsneaky_path_e, co_window_paths_d, co_window_sun,
          glass_columns_a, glass_columns_c, glass_columns_a, serial_park_tiny_1,
          st_stairs_8, mrwooster_statue_mirror
D:3:      layout_basic, due_unseen_surprise, uniq_robin
D:4:      layout_cave_pools, cheibrodos_worm_habitat, serial_undead,
          serial_undead_b, serial_undead_e, serial_undead_b, serial_undead_c,
          gup_sewer_entry_pipe, minmay_stone_trees_small
Sewer:    sewer_kobolds

Skill      XL: |  1  2  3  4 |
---------------+-------------+-----
Spellcasting   | 3 4 |  4.5
Dodging        | |  2.1
Stealth        | |  1.5

Action                   |  1- 3 |  4- 6 || total
-------------------------+-------+-------++-------
Melee: Staff             |     3 |     8 ||    11
 Cast: Foxfire           |    94 |    63 ||   157
       Conjure Flame     |       |     2 ||     2
  Use: Scroll            |     3 |       ||     3
Armor: Robe              |     2 |       ||     2
Dodge: Dodged            |     2 |     8 ||    10
